 Dungeon Crawl Stone Soup version 0.23.2-40-g277498a001 (webtiles) character file.

Game seed: 7744243806793310989

178 H0rd4k the Charlatan (level 5, 0/38 HPs)
             Began as a Human Artificer on Sept 5, 2019.
             Succumbed to Sigmund's poison
             ... on level 2 of the Dungeon.
             The game lasted 00:03:23 (2222 turns).

H0rd4k the Charlatan (Human Artificer)              Turns: 2222, Time: 00:03:23

Health: 0/38       AC:  7    Str: 13    XL:     5   Next: 89%
Magic:  7/7        EV: 27    Int: 12    God:
Gold:   115        SH:  0    Dex: 13    Spells: 4/4 levels left

rFire    + . .     SeeInvis .   n - +2 short sword (drain)
rCold    + . .     Gourm    .   (no shield)
rNeg     . . .     Faith    .   b - +0 leather armour
rPois    +         Spirit   .   o - +2 helmet
rElec    +         Reflect  .   (no cloak)
rCorr    +         Harm     .   k - +0 pair of gloves
MR       .....                  (no boots)
Stlth    +++.......             p - amulet of the acrobat
HPRegen  0.12/turn              m - ring of stealth
MPRegen  0.10/turn              g - ring of resist corrosion

@: lethally poisoned (0 -> -25), resistant, acrobat, lightly drained
A: no striking features
a: no special abilities


You were on level 2 of the Dungeon.
You were very hungry.

You visited 1 branch of the dungeon, and saw 2 of its levels.

You collected 115 gold pieces.

Inventory:

Hand Weapons
 a - a +0 short sword
 n - a +2 short sword of draining (weapon)
Armour
 b - a +0 leather armour (worn)
 k - a +0 pair of gloves (worn)
 o - a +2 helmet (worn)
Jewellery
 g - a ring of resist corrosion (right hand)
 m - a ring of stealth (left hand)
 p - an amulet of the acrobat (around neck)
Wands
 c - a wand of flame (26)
 d - a wand of enslavement (14)
 e - a wand of random effects (13)
Scrolls
 h - a scroll of identify
 j - a scroll of magic mapping {unknown}
 l - a scroll of noise
Comestibles
 f - 7 rations


   Skills:
 + Level 1.6(1.5) Fighting
 + Level 2.1(2.0) Short Blades
 + Level 2.1(2.0) Armour
 + Level 3.1(2.9) Dodging
 + Level 1.8(1.7) Stealth
 + Level 3.9(3.7) Evocations


You had 4 spell levels left.
You didn't know any spells.
Your spell library was empty.

Dungeon Overview and Level Annotations

Branches:
Dungeon (2/15)

Altars:

Annotations:
D:2 Sigmund


Message History

Press: ? - help, Shift-Dir - straight line, f - you
Okay, then.
Unknown command.
* * * LOW HITPOINT WARNING * * *
You feel very sick.
It was a potion of resistance.
You feel protected.
* * * LOW HITPOINT WARNING * * *
You feel very sick. Something barely misses you.
* * * LOW HITPOINT WARNING * * *
You feel sick.
As you read the scroll labeled BUENAV SIETUO, it crumbles to dust.
It is a scroll of identify.
l - a scroll of noise
* * * LOW HITPOINT WARNING * * *
You feel sick.
You aren't carrying any potions.
Unknown command.
You die...

.# # #.. .#.# #.# .#[#
#.#
#####..!#######.###
#>.................
####..................
#.....############.###
#.....# #.# #....@#
#.# #)....# #####.#
#.....# #.....#
#.....# #.###.#
#.....# #.# #.#
#.<...########.###.##.
#.....'..)..<.......'.
#.....####'##########.
#.....# .....


There were no monsters in sight!

Vanquished Creatures
  An ice beast (D:2)
  Robin (D:2)
  2 adders (D:2)
  An ooze (D:1)
  A worm (D:2)
  2 dart slugs
  A leopard gecko (D:2)
  4 bats (D:1)
  5 giant cockroaches
  16 goblins
  3 hobgoblins
  A ball python (D:1)
  A frilled lizard (D:2)
  4 kobolds
  2 rats (D:1)
45 creatures vanquished.

Vanquished Creatures (others)
  A goblin (D:1)
1 creature vanquished.

Grand Total: 46 creatures vanquished

Notes
Turn   | Place    | Note
-------+----------+-------------------------------------------
     0 | D:1      | H0rd4k the Human Artificer began the quest for the Orb.
     0 | D:1      | Reached XP level 1. HP: 15/15 MP: 3/3
   169 | D:1      | Reached XP level 2. HP: 21/21 MP: 4/4
   415 | D:1      | Reached XP level 3. HP: 17/26 MP: 5/5
  1233 | D:2      | Noticed an ice beast
  1244 | D:2      | Killed an ice beast
  1244 | D:2      | Reached skill level 1 in Armour
  1244 | D:2      | Reached XP level 4. HP: 32/32 MP: 6/6
  1244 | D:2      | Reached XP level 5. HP: 37/37 MP: 7/7
  1363 | D:2      | Noticed Robin
  1771 | D:2      | Killed Robin
  2045 | D:2      | Found a faded altar of an unknown god.
  2207 | D:2      | Noticed Sigmund
  2222 | D:2      | Succumbed to Sigmund's poison

Skill      XL: |  1  2  3  4  5 |
---------------+----------------+-----
Short Blades   | 2 |  2.1
Armour         | 1 2 |  2.1
Dodging        | 3 |  3.1
Fighting       | |  1.6
Stealth        | |  1.8
Evocations     | |  3.9

Action                   |  1- 3 |  4- 6 || total
-------------------------+-------+-------++-------
Melee: Short sword       |   101 |    85 ||   186
Evoke: Wand              |     9 |     9 ||    18
  Use: Scroll            |       |     1 ||     1
       Potion            |       |     1 ||     1
 Stab: Sleeping          |     4 |     1 ||     5
  Eat: Chunk             |     1 |     2 ||     3
Armor: Leather armour    |    32 |    19 ||    51
Dodge: Dodged            |    70 |    59 ||   129
